 Dungeon Crawl Stone Soup version 0.30-a0-1066-g63dfefce0d (webtiles) character file.

Game seed: 11285224194726552687

11 hwolsky the Slasher (level 2, 25/25 (26) HPs)
             Began as a Gnoll Reaver on Apr 12, 2023.
             Quit the game on level 1 of the Dungeon.
             The game lasted 00:04:09 (754 turns).

hwolsky the Slasher (Gnoll Reaver)                   Turns: 754, Time: 00:04:09

HP:   25/25 (26)    AC:  7    Str: 17    XL:     2   Next: 25%
MP:   7/7           EV: 11    Int: 12    God:
Gold: 42            SH:  0    Dex: 10    Spells: 9/10 levels left

rFire   . . .      SeeInvis .    a - +0 falchion
rCold   + . .      Faith    .    (no shield)
rNeg    . . .      Spirit   .    h - +2 ring mail {rC+}
rPois   .          Reflect  .    (no helmet)
rElec   .          Rampage  .    (no cloak)
rCorr   .                        (no gloves)
Will    .....                    (no boots)
Stlth   +                        (no amulet)
HPRegen 0.24/turn                f - +6 ring of strength
MPRegen 0.10/turn                (no ring)

@: lightly drained
A: fangs 1, strong nose, distributed training
a: no special abilities


You were on level 1 of the Dungeon.
You visited 1 branch of the dungeon, and saw 1 of its levels.

You collected 42 gold pieces.

Inventory:

Hand Weapons
 a - a +0 falchion (weapon)
 j - a +6 sling
Armour
 b - a +0 leather armour
 h - a +2 ring mail of cold resistance (worn)
Jewellery
 f - a +6 ring of strength (left hand)
Scrolls
 d - 2 scrolls of amnesia {unknown}
 e - a scroll of blinking
 g - a scroll of identify
 i - a scroll of teleportation {unknown}
Potions
 c - a potion of invisibility {unknown}


   Skills:
 + Level 4.4 Fighting
 + Level 0.3 Short Blades
 + Level 6.4 Long Blades
 + Level 0.3 Axes
 + Level 0.3 Maces & Flails
 + Level 0.3 Polearms
 + Level 0.3 Staves
 + Level 0.3 Ranged Weapons
 + Level 0.3 Throwing
 + Level 0.3 Armour
 + Level 4.4 Dodging
 + Level 0.3 Stealth
 + Level 0.3 Shields
 + Level 0.3 Unarmed Combat
 + Level 4.9 Spellcasting
 + Level 5.3 Conjurations
 + Level 0.2 Hexes
 + Level 0.2 Summonings
 + Level 0.2 Necromancy
 + Level 0.2 Translocations
 + Level 0.2 Transmutations
 + Level 0.2 Fire Magic
 + Level 0.2 Ice Magic
 + Level 0.2 Air Magic
 + Level 0.2 Earth Magic
 + Level 0.2 Poison Magic
 + Level 0.4 Invocations
 + Level 0.3 Evocations


You had 9 spell levels left.
You knew the following spells:

 Your Spells              Type           Power      Damage    Failure   Level
a - Kiss of Death         Conj/Necr      36%        2d8       12%         1

Your spell library contained the following spells:

 Spells                   Type           Power      Damage    Failure   Level
 Momentum Strike          Conj/Tloc      18%        3d8       19%         2
 Dazzling Flash           Conj/Hex       18%        N/A       34%         3
 Hailstorm                Conj/Ice       9%         3d4       34%         3
 Volatile Blastmotes      Fire/Tloc      6%         2d10      71%         3
 Iskenderun's Mystic Bla  Conj/Tloc      9%         2d4       75%         4
 Starburst                Conj/Fire      4%         6d4       100%        6


Dungeon Overview and Level Annotations

Branches:
Dungeon (1/15)

Altars:

Shops:
D:1 [


Innate Abilities, Weirdness & Mutations

You have very sharp teeth.
Your uncanny sense of smell can sniff out nearby items.
Your experience applies equally to all skills.


Message History

You hit the goblin.
The goblin is moderately wounded.
The goblin hits you with a +0 dagger.
You barely miss the goblin.
The goblin is moderately wounded.
The goblin hits you with a +0 dagger.
You barely miss the goblin.
The goblin is moderately wounded.
The goblin barely misses you.
You hit the goblin but do no damage.
The goblin is moderately wounded.
The goblin hits you with a +0 dagger.
You barely miss the goblin.
The goblin is moderately wounded.
The goblin hits you with a +0 dagger.
You slash the goblin!
You kill the goblin!
Things that are here:
a +0 dagger; a goblin corpse
Things that are here:
a +0 dagger; a goblin corpse
Found 6 stones.
There is a dry fountain here.
You see here a +2 ring mail of cold resistance.
You start removing your armour.
You continue taking off your +0 leather armour. x4
You finish taking off your +0 leather armour.
You start putting on your armour.
You continue putting on your +2 ring mail of cold resistance. x5
You finish putting on your +2 ring mail of cold resistance.
You feel resistant to cold.
There is a dry fountain here.
There is a dry fountain here.
i - a scroll labelled VOLIDI JIPTAFF
There is a dry fountain here.
d - 2 scrolls labelled YCYEJE TOXO (gained 1)
You see here a +6 sling.
j - a +6 sling Unknown command.
Are you sure you want to abandon this character and quit the game? (Confirm with "yes".)

#.........#.........###.......###
#.........#.###.###.......⌠......
#...................##..⌠...⌠..##
###.####..#.###.#######......)###
∩......#..#.# #.# ##..⌠..##
###.##.#..#.###.# ##...##
###.##.#..#.....# ####...####
.....#....############....<....##
###...##..######@................
#........)...#..⌠....⌠.....⌠...
#.#..#.#######.....⌠....#....⌠.
###.#....########..⌠....#####....
................##....### ###..
###.#.##...####.###>### ###
#.#...........# ###**##########
#.#.....###...# *,..........
###.#.....# ##..# **########.#


There were no monsters in sight!

Vanquished Creatures
  A giant cockroach (D:1)
  A goblin (D:1)
  A hobgoblin (D:1)
  A quokka (D:1)
  3 bats (D:1)
  4 frilled lizards (D:1)
  A rat (D:1)
12 creatures vanquished.

Notes
Turn   | Place    | Note
-------+----------+-------------------------------------------
     0 | D:1      | hwolsky the Gnoll Reaver began the quest for the Orb.
     0 | D:1      | Reached XP level 1. HP: 20/20 MP: 6/6
   129 | D:1      | Found Getunk's Antique Armour Shoppe.
   303 | D:1      | Reached XP level 2. HP: 23/23 MP: 7/7
   754 | D:1      | Quit the game

Illustrated notes

Levels and vault maps discovered:
D:1:      dpeg_arrival_leaves_temple_mockup, layout_basic, serial_shops, shop

Action                     || total
---------------------------++-------
  Melee: Falchion          ||    32
   Cast: Kiss of Death     ||     1
    Use: Scroll            ||     2
 Armour: Leather armour    ||     6
  Dodge: Dodged            ||    19

Table legend: (Time is in decaauts)
 A = Elapsed time spent in this place.
 B = Non-inter-level travel time spent in this place.
 C = Inter-level travel time spent in this place.
 D = Time resting spent in this place.
 E = Time spent auto-exploring this place.
 F = Levels seen in this place.
 G = Mean time per level.
                   A        B        C        D        E       F      G
               +--------+--------+--------+--------+--------+-----+--------+
         Total |    752 |    752 |      0 |      0 |    562 |   1 |  752.0 |
       Dungeon |    752 |    752 |      0 |      0 |    562 |   1 |  752.0 |
               +--------+--------+--------+--------+--------+-----+--------+

Top non-repeatable levels by time:
     D:1: 752 daAuts
